 Dungeon Crawl Stone Soup version 0.25-a0-36-g303dd5b1f4 (webtiles) character file.

Game seed: 57420259477489107, levelgen mode: deterministic

104 Arixos the Skirmisher (level 4, -13/37 HPs)
             Began as a Demonspawn Monk on Oct 20, 2019.
             Mangled by Crazy Yiuf
             ... wielding a +4 quarterstaff of chaos
              (15 damage)
             ... on level 2 of the Dungeon.
             The game lasted 00:04:53 (2225 turns).

Arixos the Skirmisher (Demonspawn Monk)             Turns: 2225, Time: 00:04:53

Health: -13/37     AC:  0    Str: 13    XL:     4   Next: 52%
Magic:  4/4        EV: 16    Int: 11    God:
Gold:   78         SH:  0    Dex: 15    Spells: 3/3 levels left

rFire    . . .     SeeInvis .     - Unarmed
rCold    . . .     Gourm    .   (shield currently unavailable)
rNeg     . . .     Faith    .   (armour currently unavailable)
rPois    .         Spirit   .   (helmet currently unavailable)
rElec    .         Reflect  .   (cloak currently unavailable)
rCorr    .         Harm     .   (gloves currently unavailable)
MR       .....                  (boots currently unavailable)
Stlth    ++........             (no amulet)
HPRegen  0.12/turn              (ring currently unavailable)
MPRegen  0.09/turn              (ring currently unavailable)

@: pig-form, very quick
A: small, demonic guardian 1
a: no special abilities


You were on level 2 of the Dungeon.
You were not hungry.
You were a filthy swine.
You visited 1 branch of the dungeon, and saw 2 of its levels.

You collected 78 gold pieces.

Inventory:

Hand Weapons
 o - a +0 trident (melded)
Missiles
 p - 28 poisoned darts (quivered)
Armour
 e - a cursed +0 helmet (melded)
 r - a +0 chain mail (melded)
Jewellery
 s - a ring of see invisible (melded)
Scrolls
 c - 3 scrolls of identify {unknown}
 d - 2 scrolls of remove curse {unknown}
 f - a scroll of magic mapping {unknown}
 g - a scroll of teleportation {unknown}
 k - a scroll of fear {unknown}
 l - a scroll of immolation {unknown}
Potions
 a - a potion of flight {unknown}
 h - a potion of agility {unknown}
 i - 2 potions of lignification {unknown}
 j - a potion of invisibility {unknown}
 m - a potion of degeneration {unknown}
 q - a potion of haste {unknown}
Comestibles
 b - 8 rations
 n - a chunk of flesh


   Skills:
 + Level 3.9 Fighting
 + Level 0.4 Polearms
 + Level 2.0 Armour
 + Level 3.5 Dodging
 - Level 1.7 Stealth
 - Level 2.6 Unarmed Combat


You had 3 spell levels left.
You didn't know any spells.
Your spell library was empty.

Dungeon Overview and Level Annotations

Branches:
Dungeon (2/15)

Altars:
Yredelemnul

Annotations:
D:2 Crazy Yiuf


Innate Abilities, Weirdness & Mutations

A weak demonic guardian rushes to your aid.


Message History

Crazy Yiuf freezes you.
Your quasit bites Crazy Yiuf.
Your quasit barely misses Crazy Yiuf. x2
You hit Crazy Yiuf.
Crazy Yiuf is heavily wounded.
Your quasit completely misses Crazy Yiuf.
Your quasit claws Crazy Yiuf.
Your quasit completely misses Crazy Yiuf.
You hit Crazy Yiuf but do no damage.
Crazy Yiuf is heavily wounded.
Crazy Yiuf yells, "Citrus spinner stair!"
Crazy Yiuf hits you with a +4 quarterstaff of chaos!
Crazy Yiuf burns you.
Your quasit bites Crazy Yiuf.
Your quasit claws Crazy Yiuf but does no damage. x2
You barely miss Crazy Yiuf.
Crazy Yiuf is severely wounded.
Crazy Yiuf says, "Gum alas chair!"
Crazy Yiuf hits you with a +4 quarterstaff of chaos!
* * * LOW HITPOINT WARNING * * *
You convulse!
You die...

##### #..)# #...#
5.. # #g# ...######
# ♣♣h♣ #.......# #
♣.♣♣ #####.# ######
♣♣.♣ # #......
.....# ♣.♣♣
#.#..##.# ####.##
♣♣.♣♣ #.#..##.# #
#...##### ♣..P♣♣
#.......#
###.......# ♣PP.P♣
#.#..#.##
##......#.# #+..'#
#.#......
.....#..#(####....##
# #..#.##


You could see Crazy Yiuf and a friendly quasit.

Vanquished Creatures
  A gnoll (D:1)
  4 adders (D:2)
  A dart slug (D:1)
  A giant cockroach (D:1)
  2 goblins (D:2)
  2 hobgoblins (D:1)
  7 jackals (D:1)
  A kobold (D:1)
  3 bats
  A rat (D:1)
23 creatures vanquished.

Vanquished Creatures (collateral kills)
  2 orc priests (D:2)
  2 orcs (D:2)
  A rat (D:2)
5 creatures vanquished.

Grand Total: 28 creatures vanquished

Notes
Turn   | Place    | Note
-------+----------+-------------------------------------------
     0 | D:1      | Arixos the Demonspawn Monk began the quest for the Orb.
     0 | D:1      | Reached XP level 1. HP: 18/18 MP: 1/1
   237 | D:1      | Gained mutation: A weak demonic guardian rushes to your
                  | aid. [demonic ancestry]
   237 | D:1      | Reached XP level 2. HP: 21/24 MP: 2/2
   279 | D:1      | Reached skill level 1 in Armour
   847 | D:1      | Reached XP level 3. HP: 12/29 MP: 3/3
  1516 | D:2      | Found a basalt altar of Yredelemnul.
  1558 | D:2      | Reached XP level 4. HP: 28/37 MP: 4/4
  2212 | D:2      | Found a runed translucent door.
  2213 | D:2      | Noticed Crazy Yiuf
  2218 | D:2      | Paralysed by Crazy Yiuf for 4 turns
  2225 | D:2      | Mangled by Crazy Yiuf

Levels and vault maps discovered:
D:1:      dpeg_arrival_water_fire, layout_basic, hex_intersection,
          minmay_misc_feat_pillars
D:2:      layout_loops_cross, overflow_temple_1_default, uniq_crazy_yiuf_cottage

Skill      XL: |  1  2  3  4 |
---------------+-------------+-----
Armour         | 1 2 |  2.0
Dodging        | 3 |  3.5
Fighting       | |  3.9
Polearms       | |  0.4
Stealth        | |  1.7
Unarmed Combat | |  2.6

Action                   |  1- 3 |  4- 6 || total
-------------------------+-------+-------++-------
Melee: Unarmed           |   100 |     3 ||   103
       Punch             |     2 |       ||     2
       Trident           |       |    33 ||    33
 Stab: Sleeping          |     1 |       ||     1
  Eat: Chunk             |     2 |     2 ||     4
Armor: Robe              |    29 |     1 ||    30
       Chain mail        |       |    18 ||    18
Dodge: Dodged            |    72 |    14 ||    86

Table legend:
 A = Non-vault XP
 B = Vault XP
 C = Vault XP percentage of total XP
 D = Non-vault monster count
 E = Vault monster count
 F = Vault count percentage of total count
                 A         B        C        D         E       F
            +---------+---------+-------+---------+---------+-------
      Total |     149 |       0 |   0.0 |      28 |       0 |   0.0
            +---------+---------+-------+---------+---------+-------
        D:1 |      43 |       0 |   0.0 |      16 |       0 |   0.0
        D:2 |     106 |       0 |   0.0 |      12 |       0 |   0.0
            +---------+---------+-------+---------+---------+-------
